 Dungeon Crawl Stone Soup version 0.27-a0-1272-g7c8ad2e407 (webtiles) character file.

Game seed: 3007018264051032401

251 Glokmah the Bolt Thrower (level 6, -9/48 HPs)
             Began as a Barachi Hunter on June 11, 2021.
             Was an Initiate of Okawaru.
             Splashed by Ijyb's acid (13 damage)
             ... on level 4 of the Dungeon.
             The game lasted 00:07:28 (3878 turns).

Glokmah the Bolt Thrower (Barachi Hunter)           Turns: 3878, Time: 00:07:29

Health: -9/48      AC:  8    Str: 14    XL:     6   Next: 13%
Magic:  6/6        EV: 11    Int: 11    God:    Okawaru [......]
Gold:   186        SH:  0    Dex: 22    Spells: 5/5 levels left

rFire    . . .     SeeInvis .   a - +2 hand crossbow
rCold    . . .     Faith    .   (no shield)
rNeg     + . .     Spirit   .   e - +5 scale mail of the Cockroach {Harm rN+ Regen+ Dex-4}
rPois    .         Reflect  .   l - +0 helmet
rElec    .         Harm     +   g - +2 cloak
rCorr    .         Rampage  .   p - +0 pair of gloves
Will     .....                  (no boots)
Stlth    +.........             (no amulet)
HPRegen  1.16/turn              m - +6 ring of dexterity
MPRegen  0.10/turn              h - +6 ring of dexterity

@: corroded, unable to hop, slow
A: amphibious, slowness 1, strong legs 1, +LOS
a: Hop, Renounce Religion


You were on level 4 of the Dungeon.
You worshipped Okawaru.
Okawaru was noncommittal.
You visited 1 branch of the dungeon, and saw 4 of its levels.

You collected 186 gold pieces.

Inventory:

Hand Weapons
 a - a +2 hand crossbow (weapon)
 b - a +0 short sword
Missiles
 d - 35 bolts (quivered ammo)
 n - 5 javelins
Armour
 c - a +0 leather armour
 e - the +5 scale mail of the Cockroach (worn) {Harm rN+ Regen+ Dex-4}
   (You found it on level 4 of the Dungeon)

   It affects your dexterity (-4).
   It protects you from negative energy.
   It increases your rate of health regeneration.
   It increases damage dealt and taken.
 g - a +2 cloak (worn)
 l - a +0 helmet (worn)
 p - a +0 pair of gloves (worn)
Jewellery
 h - a +6 ring of dexterity (right hand)
 m - a +6 ring of dexterity (left hand)
Scrolls
 j - 3 scrolls of teleportation
 q - a scroll of magic mapping {unknown}
Potions
 f - a potion of curing {unknown}
 i - 2 potions of mutation
 k - a potion of flight
 o - 2 potions of might
 r - a potion of heal wounds {unknown}


   Skills:
 + Level 4.1 Fighting
 * Level 5.6 Crossbows
 + Level 3.7 Dodging
 - Level 0.8 Stealth
 + Level 1.3 Invocations


You had 5 spell levels left.
You didn't know any spells.
Your spell library was empty.

Dungeon Overview and Level Annotations

Branches:
Dungeon (4/15)             Temple (0/1) D:4

Altars:
Dithmenos
Okawaru
Uskayaw

Annotations:
D:4 Ijyb


Innate Abilities, Weirdness & Mutations

You are amphibious.
You cover ground slowly.
You can hop short distances.
You have an extended range of vision and can be seen from far away.


Message History

h - a +6 ring of dexterity (right hand)
Found an escape hatch in the floor.
There is an escape hatch in the floor here.
q - a scroll labelled LOUDEL XYNEOSI You now have 186 gold pieces (gained 8).
Ijyb is nearby!
Fire: 39 bolts
Press: ? - help, Q - select action, (/) - cycle Shift-Dir - straight line, f - Ijyb
Aim: Ijyb, wielding a +0 dagger, wearing a +0 ring mail and carrying a wand of acid (9) (wandering, hasn't noticed you, 69% to hit)
You shoot a bolt.
Ijyb shouts!
The bolt hits Ijyb.
Ijyb is lightly wounded.
You are ready to hop once more.
Fire: 38 bolts
Press: ? - help, Q - select action, (/) - cycle Shift-Dir - straight line, f/p - Ijyb
Aim: Ijyb, wielding a +0 dagger, wearing a +0 ring mail and carrying a wand of acid (9) (lightly wounded, 69% to hit)
You shoot a bolt. The bolt hits Ijyb.
Ijyb is lightly wounded.
Ijyb zaps a wand.
The bolt of acid hits you. The acid corrodes you!
You are splashed with acid!
Unknown command.
Hop to where?
Press: ? - help, Dir - move target, p - Ijyb Boing!
Fire: 37 bolts
Press: ? - help, Q - select action, (/) - cycle Shift-Dir - straight line, f - Ijyb
Aim: Ijyb, wielding a +0 dagger, wearing a +0 ring mail and carrying a wand of acid (8) (sparse dust, lightly wounded, 69% to hit)
You shoot a bolt. The bolt hits Ijyb.
Ijyb is moderately wounded.
Fire: 36 bolts
Press: ? - help, Q - select action, (/) - cycle Shift-Dir - straight line, f/p - Ijyb
Aim: Ijyb, wielding a +0 dagger, wearing a +0 ring mail and carrying a wand of acid (8) (moderately wounded, 69% to hit)
You shoot a bolt. The bolt hits Ijyb.
Ijyb is heavily wounded.
Ijyb zaps a wand.
The bolt of acid hits you!!
Ouch! That really hurt!
* * * LOW HITPOINT WARNING * * *
The acid corrodes you!
You are splashed with acid!
You die...

... #.# #. #.#
###.####. #.#
#.....##.
######.#######.# #.##.
#..............# #....
#.####.#######.###.##.
#.## #.#.....##.
#.####..###...##.####.
#....@...g°....#.# #.
#######.###...##.# ##.
#.# ##(###.# #.. #.#
#.# #.# #.# #.# #.#
#.# #.# #.# #.# #.#
#.# #.####.###.###.#
#......#........
#8.#..#8.####...


You could see Ijyb.

Vanquished Creatures
  A centaur zombie (D:4)
  A gnoll shaman (D:4)
  An iguana (D:4)
  Robin (D:2)
  4 gnolls
  3 adders
  2 dart slugs
  5 ball pythons
  5 bats
  7 endoplasms
  5 giant cockroaches
  13 hobgoblins
  2 jackals (D:1)
  6 kobolds
  2 quokkas
  2 frilled lizards
  16 goblins
  7 rats
83 creatures vanquished.

Notes
Turn   | Place    | Note
-------+----------+-------------------------------------------
     0 | D:1      | Glokmah the Barachi Hunter began the quest for the Orb.
     0 | D:1      | Reached XP level 1. HP: 17/17 MP: 1/1
   106 | D:1      | Reached XP level 2. HP: 23/23 MP: 2/2
   575 | D:1      | Reached XP level 3. HP: 18/28 MP: 3/3
  1420 | D:2      | Noticed Robin
  1429 | D:2      | Killed Robin
  1430 | D:2      | Reached XP level 4. HP: 27/35 MP: 4/4
  1810 | D:2      | Found a faded altar of an unknown god.
  1859 | D:2      | Reached skill level 5 in Crossbows
  2033 | D:3      | Found an iron altar of Okawaru.
  2249 | D:3      | Became a worshipper of Warmaster Okawaru
  3031 | D:3      | Found a hide-covered altar of Uskayaw.
  3034 | D:3      | Found a shadowy altar of Dithmenos.
  3195 | D:4      | Found a staircase to the Ecumenical Temple.
  3418 | D:3      | Reached XP level 5. HP: 41/41 MP: 5/5
  3643 | D:4      | Noticed Ijyb
  3671 | D:4      | Identified the +5 scale mail of the Cockroach {Harm rN+
                  | Regen+ Dex-4}
  3679 | D:4      | Reached skill level 1 in Invocations
  3709 | D:4      | Reached XP level 6. HP: 48/48 MP: 6/6
  3755 | D:4      | Found a sand-covered staircase.
  3878 | D:4      | Splashed by Ijyb's acid

Illustrated notes

Levels and vault maps discovered:
D:1:      psy_arrival_fountain, layout_basic
D:2:      layout_rooms, dilly_ecumenical_altar_fadedgnrine, uniq_robin
D:3:      layout_basic, minitemple, amcnicky_altar_gilded, serial_forest,
          infiniplex_forest_straight_2, infiniplex_forest_lined_ring,
          infiniplex_forest_fountain, infiniplex_forest_lined_3_way
D:4:      layout_loops_ring, minmay_temple_entry_statues_fountains,
          lightli_ossuary_entry_decrepit_ruins, uniq_ijyb

Skill      XL: |  1  2  3  4  5 |
---------------+----------------+-----
Fighting       | 3 4 |  4.1
Dodging        | 3 |  3.7
Crossbows      | 5 |  5.6
Invocations    | 1 |  1.3
Stealth        | |  0.8

Action                   |  1- 3 |  4- 6 || total
-------------------------+-------+-------++-------
Melee: Short sword       |    48 |    64 ||   112
 Fire: Hand crossbow     |    59 |    59 ||   118
 Abil: Hop               |     2 |     4 ||     6
  Use: Scroll            |       |     7 ||     7
 Stab: Sleeping          |     1 |     2 ||     3
Armor: Leather armour    |    38 |    29 ||    67
       Scale mail        |       |     3 ||     3
Dodge: Dodged            |    62 |    52 ||   114

Table legend: (Time is in decaauts)
 A = Elapsed time spent in this place.
 B = Non-inter-level travel time spent in this place.
 C = Inter-level travel time spent in this place.
 D = Time resting spent in this place.
 E = Time spent auto-exploring this place.
 F = Levels seen in this place.
 G = Mean time per level.
                   A        B        C        D        E       F      G
               +--------+--------+--------+--------+--------+-----+--------+
         Total |   4444 |   3878 |    566 |    652 |   2213 |   4 | 1111.0 |
       Dungeon |   4444 |   3878 |    566 |    652 |   2213 |   4 | 1111.0 |
               +--------+--------+--------+--------+--------+-----+--------+

Top non-repeatable levels by time:
     D:3: 1695 daAuts
     D:1: 1535 daAuts
     D:2: 898 daAuts
     D:4: 315 daAuts
